 Dungeon Crawl Stone Soup version 0.29.0-4-gdea44cf6ec (webtiles) character file.

Game seed: 3149219206632254853

97 qw the Chopper (level 4, 0/26 HPs)
             Began as a Tengu Warper on Aug 28, 2022.
             Slain by a white imp (5 damage)
             ... summoned by Natasha
             ... on level 3 of the Dungeon.
             The game lasted 00:00:18 (3418 turns).

qw the Chopper (Tengu Warper)                       Turns: 3418, Time: 00:00:18

Health: 0/26       AC:  5    Str: 14    XL:     4   Next: 68%
Magic:  8/8        EV: 11    Int: 13    God:
Gold:   148        SH:  0    Dex: 19    Spells: 7/7 levels left

rFire   . . .      SeeInvis .   Y - +0 hand axe
rCold   . . .      Faith    .   (no shield)
rNeg    . . .      Spirit   .   j - +0 ring mail
rPois   .          Reflect  .   (helmet restricted)
rElec   .          Harm     .   (no cloak)
rCorr   .          Rampage  .   (no gloves)
Will    .....                   (boots unavailable)
Stlth   +.........              (no amulet)
HPRegen 0.08/turn               g - +6 ring of dexterity
MPRegen 0.11/turn               (no ring)

@: no status effects
A: beak, talons 3
a: no special abilities


You were on level 3 of the Dungeon.
You visited 1 branch of the dungeon, and saw 3 of its levels.

You collected 148 gold pieces.


Innate Abilities, Weirdness & Mutations

You have a beak for a mouth.
You have claws for feet.


   Skills:
 - Level 2.0 Fighting
 + Level 5.2 Axes
 - Level 1.0 Throwing
 - Level 1.1 Armour
 - Level 2.1 Dodging
 - Level 2.0 Spellcasting
 - Level 2.4 Translocations


You had 7 spell levels left.
You didn't know any spells.
Your spell library contained the following spells:

 Spells                   Type           Power      Damage    Failure   Level
 Blink                    Tloc           14%        N/A       30%         2
 Gell's Gravitas          Tloc           7%         N/A       52%         3
 Lesser Beckoning         Tloc           7%         N/A       52%         3
 Teleport Other           Tloc           7%         N/A       52%         3
 Manifold Assault         Tloc           7%         N/A       99%         5

Inventory:

Hand Weapons
 l - a +0 mace
 Y - a +0 hand axe (weapon)
Missiles
 b - 2 boomerangs (quivered)
Armour
 j - a +0 ring mail (worn)
Jewellery
 g - a +6 ring of dexterity (left hand)
Scrolls
 c - 2 scrolls of identify
 d - a scroll of teleportation
Potions
 a - a potion of mutation {unknown}
 e - a potion of brilliance {unknown}
 h - a potion of heal wounds {unknown}

Dungeon Overview and Level Annotations

Branches:
Dungeon (3/15)

Altars:

Annotations:
D:3 Natasha


Message History

Throw: 2 boomerangs
Press: ? - help, Q - select action Shift-Dir - straight line, f - goblin You throw a boomerang.
The goblin shouts!
The boomerang hits the goblin.
The goblin is severely wounded.
Throw: 2 boomerangs
Press: ? - help, Q - select action Shift-Dir - straight line, f/p - goblin You throw a boomerang.
The boomerang hits the goblin.
You kill the goblin!
c - 2 scrolls of identify (gained 1)
Things that are here:
a +0 dagger; 5 stones Natasha, Servant of Life and Death comes into view.
You see here 6 poisoned darts.
3410 ||| Stepping ~*~*~tactically~*~*~ (stealth).
Natasha hisses angrily.
Natasha casts a spell at you. The magic dart hits you.
You see here 6 poisoned darts.
3412 ||| Stepping ~*~*~tactically~*~*~ (hiding).
You start resting.
Natasha is nearby!
Natasha casts a spell.
You see here 6 poisoned darts.
You hit Natasha. Your kick misses Natasha.
Natasha is lightly wounded.
You hit the white imp. Natasha claws you.
The white imp hits you but does no damage.
You hit Natasha but do no damage. You peck Natasha.
Natasha is moderately wounded.
You hit the white imp but do no damage. Natasha closely misses you.
The white imp hits you but does no damage.
You hit Natasha.
Natasha is heavily wounded.
You barely miss the white imp. Natasha claws you! The white imp hits you.
The white imp freezes you.
You die...

#.###.## ##.###.###########
#............<...#
#........#######.#
#.......#.## ##.##
#..........####...##
########..)................
...........5...#######...##
.#######..@h...# ##.###
####....... #.... ...######
##### ###.# #.. ... ###


You could see Natasha and a white imp (summoned).

Vanquished Creatures
  Natasha (D:3)
  3 adders (D:2)
  A worm (D:2)
  A dart slug (D:2)
  5 endoplasms
  2 giant cockroaches
  4 goblins
  5 hobgoblins
  A quokka (D:2)
  A ball python (D:1)
  5 bats
  2 frilled lizards (D:2)
  4 kobolds
  5 rats
40 creatures vanquished.

Vanquished Creatures (others)
  6 demonic plants (D:2)
  3 plants
  5 withered plants (D:2)
14 creatures vanquished.

Grand Total: 54 creatures vanquished

Notes
Turn   | Place    | Note
-------+----------+-------------------------------------------
     0 | D:1      | qw the Tengu Warper began the quest for the Orb.
     0 | D:1      | Reached XP level 1. HP: 12/12 MP: 4/4
     0 | D:1      | 0 ||| qw: Version: 0.1-a-89-g26bdef1
     0 | D:1      | 0 ||| qw: Game counter: 2126
     0 | D:1      | 0 ||| qw: Always use a shield: true
     0 | D:1      | 0 ||| qw: God list: Okawaru
     0 | D:1      | 0 ||| qw: Allow faded altars: false
     0 | D:1      | 0 ||| qw: Do Orc after D:15 true
     0 | D:1      | 0 ||| qw: Do second Lair branch before Depths: true
     0 | D:1      | 0 ||| qw: Lair rune preference: random
     0 | D:1      | 0 ||| qw: Plans: Normal
     0 | D:1      | 0 ||| PLANNING D:1-11
   105 | D:1      | 105 ||| Stepping ~*~*~tactically~*~*~ (stealth).
   107 | D:1      | 107 ||| Stepping ~*~*~tactically~*~*~ (stealth).
   316 | D:1      | Reached XP level 2. HP: 13/17 MP: 6/6
   407 | D:1      | Reached skill level 3 in Axes
   496 | D:1      | 496 ||| Stepping ~*~*~tactically~*~*~ (water).
   540 | D:1      | 540 ||| Stepping ~*~*~tactically~*~*~ (stealth).
   541 | D:1      | 541 ||| Stepping ~*~*~tactically~*~*~ (stealth).
  1040 | D:1      | 1040 ||| DROPPING orb of light.
  1041 | D:1      | 1041 ||| DROPPING ring of wizardry.
  1042 | D:1      | 1042 ||| READING scroll labelled TIMOIN LEYDGH.
  1043 | D:1      | 1043 ||| READING scroll labelled GAIRIM TUHUVIC.
  1044 | D:1      | 1044 ||| READING scroll labelled LONKEU AMPIGO.
  1045 | D:1      | 1045 ||| READING scroll labelled JEFFEYHIAT.
  1046 | D:1      | 1046 ||| DRINKING 2 fizzy emerald potions.
  1047 | D:1      | 1047 ||| DROPPING scroll of blinking.
  1048 | D:1      | 1048 ||| Stepping randomly (stuck).
  1049 | D:1      | 1049 ||| Stepping randomly (stuck).
  1050 | D:1      | 1050 ||| Stepping randomly (stuck).
  1051 | D:1      | 1051 ||| Stepping randomly (stuck).
  1052 | D:1      | 1052 ||| Stepping ~*~*~tactically~*~*~ (cloud).
  1052 | D:1      | HP: 3/17 [poisoned by you (poison gas)]
  1053 | D:1      | 1053 ||| DRINKING potion of curing.
  1053 | D:1      | 1053 ||| (to cure poison)
  1219 | D:2      | 1219 ||| STAIRDANCE
  1491 | D:2      | 1491 ||| Stepping ~*~*~tactically~*~*~ (stealth).
  1492 | D:2      | 1492 ||| Stepping ~*~*~tactically~*~*~ (stealth).
  1493 | D:2      | 1493 ||| Stepping ~*~*~tactically~*~*~ (stealth).
  1494 | D:2      | 1494 ||| Stepping ~*~*~tactically~*~*~ (stealth).
  1539 | D:2      | 1539 ||| FLEEEEING.
  1540 | D:2      | 1540 ||| FLEEEEING.
  1541 | D:2      | 1541 ||| FLEEEEING.
  1542 | D:2      | 1542 ||| FLEEEEING.
  1543 | D:2      | 1543 ||| FLEEEEING.
  1544 | D:2      | 1544 ||| FLEEEEING.
  1545 | D:2      | 1545 ||| FLEEEEING.
  1546 | D:2      | 1546 ||| FLEEEEING.
  1560 | D:2      | 1560 ||| FLEEEEING.
  1569 | D:2      | 1569 ||| STAIRDANCE
  1595 | D:2      | 1595 ||| Stepping ~*~*~tactically~*~*~ (hiding).
  1757 | D:2      | Reached XP level 3. HP: 18/21 MP: 7/7
  1911 | D:2      | Found a faded altar of an unknown god.
  2060 | D:2      | Reached skill level 4 in Axes
  2571 | D:2      | Reached XP level 4. HP: 18/26 MP: 8/8
  2711 | D:2      | 2711 ||| DROPPING +0 club.
  3053 | D:2      | 3053 ||| UPGRADING to +0 ring mail.
  3063 | D:2      | 3063 ||| DROPPING +0 leather armour.
  3064 | D:2      | 3064 ||| UPGRADING to +6 ring of dexterity.
  3065 | D:2      | 3065 ||| READING 2 scrolls labelled WOXZAR SUATSOU.
  3070 | D:2      | 3070 ||| READING scroll labelled HUOCKE ZIODWEA.
  3071 | D:2      | 3071 ||| READING scroll labelled FUKHIXA TOAHER.
  3211 | D:2      | 3211 ||| READING scroll labelled MOCIAM REHUHA.
  3318 | D:3      | Noticed Natasha
  3324 | D:3      | Killed Natasha
  3325 | D:3      | Reached skill level 5 in Axes
  3409 | D:3      | Noticed Natasha
  3410 | D:3      | 3410 ||| Stepping ~*~*~tactically~*~*~ (stealth).
  3412 | D:3      | 3412 ||| Stepping ~*~*~tactically~*~*~ (hiding).
  3418 | D:3      | HP: 5/26 [white imp[Natasha] (4)]
  3418 | D:3      | Slain by a white imp

Levels and vault maps discovered:
D:1:      lightli_arrival_noodles, layout_loops_ring, serial_bayou,
          serial_bayou_pond_e, serial_bayou_lagoon_a, serial_bayou_pond_c,
          serial_bayou_pond_c, serial_bayou_pond_e, serial_bayou_shore_a
D:2:      layout_loops_ring, shapermc_ecumenical_altar_gd, minmay_door_square,
          minmay_misc_feat_five
D:3:      layout_loops_ring, uniq_natasha

Skill      XL: |  1  2  3  4 |
---------------+-------------+-----
Axes           | 3 4 5 |  5.2
Fighting       | |  2.0
Throwing       | |  1.0
Armour         | |  1.1
Dodging        | |  2.1
Spellcasting   | |  2.0
Translocations | |  2.4

Action                   |  1- 3 |  4- 6 || total
-------------------------+-------+-------++-------
Melee: Hand axe          |    93 |    19 ||   112
       Kick              |    25 |     2 ||    27
       Peck              |     8 |     4 ||    12
Throw: Boomerang         |     7 |     4 ||    11
  Use: Scroll            |     4 |     4 ||     8
       Potion            |     2 |       ||     2
Armor: Leather armour    |    31 |       ||    31
       Ring mail         |       |     6 ||     6
Dodge: Dodged            |    51 |    12 ||    63

Table legend:
 A = Non-vault XP
 B = Vault XP
 C = Vault XP percentage of total XP
 D = Non-vault monster count
 E = Vault monster count
 F = Vault count percentage of total count
                 A         B        C        D         E       F
            +---------+---------+-------+---------+---------+-------
      Total |     103 |      36 |  25.9 |      39 |       1 |   2.5
            +---------+---------+-------+---------+---------+-------
        D:1 |      21 |       0 |   0.0 |      13 |       0 |   0.0
        D:2 |      74 |       0 |   0.0 |      21 |       0 |   0.0
        D:3 |       8 |      36 |  81.8 |       5 |       1 |  16.7
            +---------+---------+-------+---------+---------+-------
